AoeStats
← LMC | CacheteFeroz

Highland

504386740Analyzed
4v4 RM · 28d ago on Sep 5, 2026· 47m 3s· 8 players
Game mode
Random Map
Map size
Large (8 player)
Population
200
Speed
Normal
Resources
Standard
Victory
Conquest
Starting age
Dark Age
Ending age
Imperial Age
RankedLock teamsTeams togetherTeam positionsShared explorationLock speedFull tech treeHidden civsTurbo modeCheats
Victory
Defeat
🇺🇾 Hindustanis · Uruguay
1230
+10
🇺🇾 Turks · Uruguay
1085
+27
🇺🇾 Bulgarians · Uruguay
1062
+17
🇺🇾 Koreans · Uruguay
1024
+18
1125
-17
🇲🇽 Saracens · Mexico
1085
-15
🇺🇸 Magyars · United States
1083
-15
🇲🇽 Franks · Mexico
1043
-14
OM | SOMBRASV1
3:49 Loom
12:36 Feudal Age
19:02 Castle Age
17:15 Stone Mining
18:02 Fletching
18:19 Gold Mining
20:42 Bodkin Arrow
27:06 Padded Archer Armor
26:32 Crossbowman
ARToT | lokiwinne
3:11 Loom
11:06 Feudal Age
11:40 Town Watch
15:03 Forging
22:47 Castle Age
21:43 Fletching
24:05 Wheelbarrow
23:48 Double-Bit Axe
24:21 Husbandry
24:28 Scale Barding Armor
32:18 Imperial Age
31:39 Hand Cart
33:06 Chain Barding Armor
33:29 Bodkin Arrow
35:23 Conscription
43:26 Elite Throwing Axeman
45:27 Iron Casting
45:40 Bow Saw
Akkilles
8:20 Loom
11:17 Feudal Age
13:51 Double-Bit Axe
16:50 Scale Barding Armor
20:40 Bloodlines
23:05 Horse Collar
23:19 Gold Mining
28:00 Castle Age
ሰላምنعمة˙ʞɐɥʇ
8:15 Loom
12:17 Feudal Age
Chchn
6:37 Loom
9:18 Feudal Age
9:57 Double-Bit Axe
14:47 Scale Barding Armor
19:51 Castle Age
18:37 Forging
18:53 Scale Mail Armor
20:39 Wheelbarrow
19:48 Horse Collar
20:43 Bow Saw
20:38 Heavy Plow
24:17 Chain Mail Armor
24:39 Iron Casting
24:42 Town Watch
25:21 Chain Mail Armor
25:27 Chain Barding Armor
25:51 Bloodlines
25:42 Husbandry
26:58 Grand Trunk Road
29:20 Hand Cart
29:55 Squires
29:47 Arson
31:06 Masonry
38:13 Imperial Age
35:52 Town Patrol
37:23 Ballistics
39:58 Blast Furnace
38:21 Elite Ghulam
39:32 Conscription
39:49 Hoardings
40:31 Chemistry
39:52 Padded Archer Armor
41:45 Shatagni
42:48 Leather Archer Armor
43:38 Ring Archer Armor
45:12 Siege Engineers
LMC | CacheteFeroz
7:34 Loom
10:21 Feudal Age
11:30 Horse Collar
11:50 Double-Bit Axe
13:06 Horse Collar
15:04 Wheelbarrow
19:56 Castle Age
18:05 Scale Mail Armor
18:16 Forging
21:00 Chain Mail Armor
22:01 Gambesons
22:17 Squires
24:46 Bow Saw
27:33 Iron Casting
33:40 Arson
41:26 Hand Cart
43:43 Imperial Age
43:50 Imperial Age
41:11 Town Watch
42:35 Town Patrol
43:53 Capped Ram
45:26 Plate Mail Armor
45:57 Blast Furnace
44:51 Siege Ram
45:37 Bagains
狗是好狗做人不行
10:32 Feudal Age
14:45 Castle Age
14:08 Double-Bit Axe
22:58 Scale Mail Armor
22:58 Horse Collar
23:45 Arson
24:01 Squires
25:07 Chain Mail Armor
25:49 Bow Saw
27:26 Wheelbarrow
26:37 Loom
MARIMARI
7:03 Loom
10:09 Feudal Age
15:06 Castle Age
13:28 Double-Bit Axe
14:27 Horse Collar
21:21 Wheelbarrow
21:07 Padded Archer Armor
22:01 Town Watch
22:59 Leather Archer Armor
Connection lost

Rejoining the realm…

Still unreachable

The connection could not be restored.

Session expired

The server has moved on; the page needs a fresh start.